 Dungeon Crawl Stone Soup version 0.30-a0-40-gc6d0f036a7 (webtiles) character file.

Game seed: 5586871083164368670

158 porpoise the Poker (level 5, -7/43 HPs)
             Began as a Merfolk Gladiator on Aug 30, 2022.
             Mangled by an ogre
             ... wielding a +0 giant club
              (14 damage)
             ... on level 4 of the Dungeon.
             The game lasted 00:08:46 (2630 turns).

porpoise the Poker (Merfolk Gladiator)              Turns: 2630, Time: 00:08:47

Health: -7/43      AC:  7    Str: 16    XL:     5   Next: 40%
Magic:  5/5        EV: 13    Int:  7    God:
Gold:   158        SH:  0    Dex: 16    Spells: 4/4 levels left

rFire   . . .      SeeInvis .    a - +0 trident
rCold   . . .      Faith    .    (no shield)
rNeg    . . .      Spirit   .    k - +0 leather armour
rPois   .          Reflect  .    c - +0 helmet
rElec   .          Harm     .    o - +0 cloak
rCorr   .          Rampage  .    n - +1 pair of gloves
Will    .....                    (no boots)
Stlth   +.........               (no amulet)
HPRegen 0.14/turn                (no ring)
MPRegen 0.09/turn                (no ring)

@: mighty
A: (nimble swimmer 2), mertail
a: no special abilities


You were on level 4 of the Dungeon.
You visited 1 branch of the dungeon, and saw 4 of its levels.

You collected 158 gold pieces.

Inventory:

Hand Weapons
 a - a +0 trident (weapon)
 b - a +0 sling
Missiles
 d - 3 throwing nets (quivered)
 e - a javelin
 l - 5 boomerangs
Armour
 c - a +0 helmet (worn)
 j - a scarf of shadows
 k - a +0 leather armour (worn)
 n - a +1 pair of gloves (worn)
 o - a +0 cloak (worn)
Jewellery
 r - a ring of resist corrosion
Scrolls
 h - a scroll of blinking {unknown}
 q - a scroll of amnesia {unknown}
 s - a scroll of fear {unknown}
 u - a scroll of noise {unknown}
 v - a scroll of fog {unknown}
 w - a scroll of enchant armour {unknown}
 x - a scroll of teleportation {unknown}
Potions
 f - a potion of attraction
 g - 3 potions of mutation
 i - a potion of curing
 m - a potion of might
 p - a potion of brilliance {unknown}
 t - a potion of ambrosia {unknown}


   Skills:
 + Level 4.4 Fighting
 + Level 6.2 Polearms
 - Level 2.0 Throwing
 - Level 4.0 Dodging


You had 4 spell levels left.
You didn't know any spells.
Your spell library was empty.

Dungeon Overview and Level Annotations

Branches:
Dungeon (4/15)
 Temple: D:4-7

Altars:
Nemelex Xobeh
Okawaru


Innate Abilities, Weirdness & Mutations

((You are very nimble when in or above water. (Stealth+, EV+, Speed+++)))
Your lower body shifts to a powerful aquatic tail in water.


Message History

The goblin unwields a +0 club.
The goblin wields a +0 sling.
The goblin shoots a sling bullet.
The sling bullet barely misses you.
A kobold comes into view.
It is wielding a +0 short sword and quivering poisoned darts.
The goblin shoots a sling bullet.
The sling bullet closely misses you.
You hear a shout!
The kobold throws a poisoned dart.
The poisoned dart barely misses you.
An ogre comes into view. It is wielding a +0 giant club.
The kobold throws a poisoned dart.
The poisoned dart hits you!
You are poisoned.
The goblin shoots a sling bullet.
The sling bullet barely misses you.
Found an escape hatch in the ceiling.
Found a stone staircase leading down.
You feel sick.
The goblin shoots a sling bullet.
The sling bullet hits you.
You feel sick.
The goblin unwields a +0 sling.
The goblin wields a +0 club.
The goblin hits you but does no damage.
You closely miss the goblin.
You feel sick.
You barely miss the goblin.
You feel sick. The goblin misses you.
You closely miss the goblin.
You feel sick. The goblin closely misses you.
You closely miss the goblin.
You feel sick.
You are no longer poisoned.
The goblin closely misses you.
You puncture the goblin!
You kill the goblin!
You hit the ogre.
The ogre is lightly wounded.
The ogre hits you with a +0 giant club!
You hit the ogre but do no damage.
The ogre is lightly wounded.
You hit the ogre.
The ogre is lightly wounded.
The ogre hits you with a +0 giant club!
You are too injured to fight recklessly!
You puncture the ogre!
The ogre is moderately wounded.
The ogre hits you with a +0 giant club!
* * * LOW HITPOINT WARNING * * *
You feel very mighty all of a sudden.
You barely miss the ogre.
The ogre is moderately wounded.
The ogre hits you with a +0 giant club!
You die...

####.#. ...#
#######.
...<... ...#
........
....... ...#
........
....... ...#
........
....... ...#
†.......
.....>. ...#
........
......O#...#
........
#@##.#
........
#....#
........
##....#
........
#...###
........
#..##
.......#
##..#
......##
#..##
.....##
###..#
....##
#.#..#


You could see an ogre.

Vanquished Creatures
  A hound (D:4)
  An orc priest (D:4)
  3 adders
  8 orcs
  8 bats
  5 endoplasms
  A giant cockroach (D:3)
  6 goblins
  3 hobgoblins
  8 jackals
  3 quokkas
  4 ball pythons
  A frilled lizard (D:2)
  6 kobolds
  6 rats
64 creatures vanquished.

Notes
Turn   | Place    | Note
-------+----------+-------------------------------------------
     0 | D:1      | porpoise the Merfolk Gladiator began the quest for the Orb.
     0 | D:1      | Reached XP level 1. HP: 16/16 MP: 1/1
   145 | D:1      | Reached XP level 2. HP: 23/23 MP: 2/2
   375 | D:1      | Found a faded altar of an unknown god.
   617 | D:1      | Reached XP level 3. HP: 28/29 MP: 3/3
   732 | D:2      | Reached skill level 5 in Polearms
  1539 | D:3      | Found a large runed translucent door.
  1575 | D:3      | Found a large runed translucent door.
  1667 | D:3      | Reached XP level 4. HP: 36/36 MP: 4/4
  2349 | D:3      | Found a sparkling altar of Nemelex Xobeh.
  2360 | D:3      | Found an iron altar of Okawaru.
  2526 | D:4      | Reached skill level 6 in Polearms
  2526 | D:4      | Reached XP level 5. HP: 41/42 MP: 5/5
  2617 | D:4      | Noticed an ogre
  2630 | D:4      | Mangled by an ogre

Illustrated notes

Levels and vault maps discovered:
D:1:      wander_arrival_estate, layout_basic, chequers_ecumenical_altar_island
D:2:      layout_rooms
D:3:      layout_loops_ring, jmf_multi_god_temple2,
          chequers_serial_rivers_small_3
D:4:      layout_cave_pods, vehumet_altar_wand_db,
          minmay_temple_entry_glassed_door, minmay_quadrilaterals

Skill      XL: |  1  2  3  4 |
---------------+-------------+-----
Fighting       | 3 4 |  4.4
Polearms       | 5 6 |  6.2
Throwing       | |  2.0
Dodging        | |  4.0

Action                   |  1- 3 |  4- 6 || total
-------------------------+-------+-------++-------
Melee: Trident           |   128 |    89 ||   217
       Punch             |     1 |     1 ||     2
       Tailslap          |       |     1 ||     1
 Fire: Sling             |    22 |       ||    22
  Use: Scroll            |     3 |     1 ||     4
       Potion            |       |     1 ||     1
 Stab: Sleeping          |     2 |     2 ||     4
Armor: Leather armour    |    40 |    16 ||    56
Dodge: Dodged            |    77 |    49 ||   126

Table legend: (Time is in decaauts)
 A = Elapsed time spent in this place.
 B = Non-inter-level travel time spent in this place.
 C = Inter-level travel time spent in this place.
 D = Time resting spent in this place.
 E = Time spent auto-exploring this place.
 F = Levels seen in this place.
 G = Mean time per level.
                   A        B        C        D        E       F      G
               +--------+--------+--------+--------+--------+-----+--------+
         Total |   2623 |   2584 |     39 |    460 |   1554 |   4 |  655.8 |
       Dungeon |   2623 |   2584 |     39 |    460 |   1554 |   4 |  655.8 |
               +--------+--------+--------+--------+--------+-----+--------+

Top non-repeatable levels by time:
     D:3: 965 daAuts
     D:2: 717 daAuts
     D:1: 694 daAuts
     D:4: 245 daAuts
